TOP OF THE 1ST |
Tacoma Rainiers batting - Pitching for Buffalo Bisons : LHP Steve Taylor
|
Pitching: LHP Steve Taylor
|
|
Batting: RHB Tatsunori Hayakawa
|
0-0: SINGLE (Groundball, 34D, EV 100.0 MPH)
|
Batting: RHB David Aguilar
|
0-0: Called Strike 0-1: Ball 1-1: Foul Ball, location: 2F 1-2: Ball 2-2: Reached on error, E6 (Groundball, 6, EV 91.3 MPH) Tatsunori Hayakawa to second
|
Batting: RHB Kevin Chafe
|
0-0: Called Strike 0-1: Swinging Strike 0-2: Strikes out looking
|
Batting: RHB Kumar Madugula
|
0-0: Foul Ball, location: 2F 0-1: Foul Ball, location: 2F 0-2: Fly out, F9 (Flyball, 89M, EV 94.4 MPH) Runner from 2nd tags up, SAFE at 3rd with throw by RF
|
Batting: RHB Sumiki Ryu
|
0-0: Ball 1-0: Ball 2-0: Ball 3-0: Foul Ball, location: 2F 3-1: Base on Balls David Aguilar to second
|
Batting: RHB Jim Begger
|
0-0: Called Strike 0-1: Ball 1-1: Called Strike 1-2: Ball 2-2: Fielders Choice at 2nd, 5-4 (Groundball, 56, EV 100.0 MPH)
|
Top of the 1st over - 0 runs, 1 hit, 1 error, 3 left on base; Tacoma 0 - Buffalo 0 |
BOTTOM OF THE 1ST |
Buffalo Bisons batting - Pitching for Tacoma Rainiers : RHP Settan Suzuki
|
Pitching: RHP Settan Suzuki
|
|
Batting: RHB Danny Burnside
|
0-0: Called Strike 0-1: Swinging Strike 0-2: Ball 1-2: Foul Ball, location: 2F 1-2: Fly out, F8 (Flyball, 8LD, EV 106.3 MPH)
|
Batting: LHB Josh Stuck
|
0-0: Ball 1-0: Ball 2-0: Ball 3-0: Called Strike 3-1: Base on Balls
|
Batting: LHB Michael Byrd
|
0-0: Ball Josh Stuck is caught stealing 2nd base 2-6 1-0: Ball 2-0: Ball 3-0: Base on Balls
|
Batting: RHB Ryan Kinkead
|
0-0: Ball 1-0: Called Strike 1-1: SINGLE (Line Drive, 89S, EV 110.6 MPH) Michael Byrd to second
|
Batting: LHB Yoshinari Nara
|
0-0: Ball 1-0: Foul Ball, location: 2F 1-1: Ball 2-1: Swinging Strike 2-2: Ball 3-2: Foul Ball, location: 2F 3-2: Ground out 6-3 (Groundball, 6, EV 89.4 MPH)
|
Bottom of the 1st over - 0 runs, 1 hit, 0 errors, 2 left on base; Tacoma 0 - Buffalo 0 |
TOP OF THE 2ND |
Tacoma Rainiers batting - Pitching for Buffalo Bisons : LHP Steve Taylor
|
Batting: RHB Matt Berkley
|
0-0: Ball 1-0: Ground out 5-3 (Groundball, 56, EV 80.6 MPH)
|
Batting: SHB Tony de Lara
|
0-0: Called Strike 0-1: Ball 1-1: Foul Ball, location: 2F 1-2: Foul Ball, location: 2F 1-2: Foul Ball, location: 2F 1-2: Foul Ball, location: 2F 1-2: Ball 2-2: Strikes out looking
|
Batting: SHB Ismael Bello
|
0-0: Ball 1-0: Called Strike 1-1: Called Strike 1-2: Ball 2-2: Ball 3-2: Strikes out swinging
|
Top of the 2nd over - 0 runs, 0 hits, 0 errors, 0 left on base; Tacoma 0 - Buffalo 0 |
BOTTOM OF THE 2ND |
Buffalo Bisons batting - Pitching for Tacoma Rainiers : RHP Settan Suzuki
|
Batting: RHB Alex Ramos
|
0-0: Ball 1-0: Foul Ball, location: 2F 1-1: Called Strike 1-2: Ball 2-2: Fly out, F9 (Flyball, 9LM, EV 87.5 MPH)
|
Batting: RHB Mike Strey
|
0-0: Called Strike 0-1: Foul Ball, location: 2F 0-2: Foul Ball, location: 2F 0-2: Ground out U3 (Groundball, 3, EV 78.1 MPH)
|
Batting: RHB Jon Aguilar
|
0-0: Ball 1-0: Foul Ball, location: 2F 1-1: Ground out 6-3 (Groundball, 6, EV 83.1 MPH)
|
Bottom of the 2nd over - 0 runs, 0 hits, 0 errors, 0 left on base; Tacoma 0 - Buffalo 0 |
TOP OF THE 3RD |
Tacoma Rainiers batting - Pitching for Buffalo Bisons : LHP Steve Taylor
|
Batting: RHB Tatsunori Hayakawa
|
0-0: Ground out 4-3 (Groundball, 4MD, EV 86.3 MPH)
|
Batting: RHB David Aguilar
|
0-0: Ball 1-0: Ball 2-0: SINGLE (Groundball, 25, EV 63.1 MPH) (infield hit)
|
Batting: RHB Kevin Chafe
|
0-0: Ball 1-0: Foul Ball, location: 2F 1-1: Ball 2-1: Fly out, F9 (Flyball, 89D, EV 108.1 MPH)
|
Batting: RHB Kumar Madugula
|
0-0: Foul Ball, location: 2F 0-1: Ball David Aguilar steals 2nd base 1-1: SINGLE (Flyball, 3D, EV 90.0 MPH) David Aguilar to third Runner from 3rd tries for Home, SAFE, throw by RF to home
|
Batting: RHB Sumiki Ryu
|
0-0: Called Strike 0-1: Foul Ball, location: 2F 0-2: Strikes out swinging
|
Top of the 3rd over - 1 run, 2 hits, 0 errors, 1 left on base; Tacoma 1 - Buffalo 0 |
BOTTOM OF THE 3RD |
Buffalo Bisons batting - Pitching for Tacoma Rainiers : RHP Settan Suzuki
|
Batting: RHB John Loving
|
0-0: Called Strike 0-1: Foul Ball, location: 2F 0-2: Ball 1-2: DOUBLE (Line Drive, 7LM, EV 89.4 MPH)
|
Batting: RHB Danny Burnside
|
0-0: Swinging Strike 0-1: Ball 1-1: Ground out 6-3 (Groundball, 6, EV 100.6 MPH)
|
Batting: LHB Josh Stuck
|
0-0: Called Strike 0-1: Ball 1-1: SINGLE (Groundball, 34D, EV 93.8 MPH) John Loving to third
|
Batting: LHB Michael Byrd
|
0-0: Ball 1-0: Foul Ball, location: 2F 1-1: Foul Ball, location: 2F 1-2: SINGLE (Groundball, 6MD, EV 96.3 MPH) John Loving scores Josh Stuck to second Runner from 2nd tries for 3rd, SAFE, throw by CF made to third
|
Batting: RHB Ryan Kinkead
|
0-0: Hit by Pitch Michael Byrd to second
|
Batting: LHB Yoshinari Nara
|
0-0: Ball 1-0: Foul Ball, location: 2F 1-1: Swinging Strike 1-2: Strikes out swinging
|
Batting: RHB Alex Ramos
|
0-0: Called Strike 0-1: Foul Ball, location: 2F 0-2: Foul Ball, location: 2F 0-2: Fielders Choice at 2nd, 5-4 (Groundball, 56, EV 85.6 MPH)
|
Bottom of the 3rd over - 1 run, 3 hits, 0 errors, 3 left on base; Tacoma 1 - Buffalo 1 |
TOP OF THE 4TH |
Tacoma Rainiers batting - Pitching for Buffalo Bisons : LHP Steve Taylor
|
Batting: RHB Jim Begger
|
0-0: Foul Ball, location: 2F 0-1: Swinging Strike 0-2: Foul Ball, location: 2F 0-2: Strikes out looking
|
Batting: RHB Matt Berkley
|
0-0: Called Strike 0-1: SINGLE (Flyball, 3D, EV 95.0 MPH)
|
Batting: SHB Tony de Lara
|
0-0: Ball Wild Pitch! Matt Berkley to second 1-0: Ground out 4-3 (Groundball, 4, EV 95.0 MPH) Matt Berkley to third
|
Batting: SHB Ismael Bello
|
0-0: Called Strike 0-1: Swinging Strike 0-2: Ball 1-2: Strikes out swinging
|
Top of the 4th over - 0 runs, 1 hit, 0 errors, 1 left on base; Tacoma 1 - Buffalo 1 |
BOTTOM OF THE 4TH |
Buffalo Bisons batting - Pitching for Tacoma Rainiers : RHP Settan Suzuki
|
Batting: RHB Mike Strey
|
0-0: Called Strike 0-1: Ball 1-1: Ball 2-1: Called Strike 2-2: Ball 3-2: Base on Balls
|
Batting: RHB Jon Aguilar
|
0-0: Ball 1-0: SINGLE (Line Drive, 78S, EV 96.9 MPH) Mike Strey to second
|
Batting: RHB John Loving
|
0-0: Called Strike 0-1: Foul Ball, location: 2F 0-2: Ball 1-2: Foul Ball, location: 2F 1-2: Strikes out swinging
|
Batting: RHB Danny Burnside
|
0-0: Ball 1-0: Fielders Choice at 2nd, 6-4 (Groundball, 6, EV 81.9 MPH) Mike Strey to third
|
Batting: LHB Josh Stuck
|
0-0: Ball 1-0: Ball 2-0: Called Strike 2-1: Ball 3-1: Fielders Choice at 2nd, U4 (Groundball, 4M, EV 107.5 MPH)
|
Bottom of the 4th over - 0 runs, 1 hit, 0 errors, 2 left on base; Tacoma 1 - Buffalo 1 |
TOP OF THE 5TH |
Tacoma Rainiers batting - Pitching for Buffalo Bisons : LHP Steve Taylor
|
Batting: RHB Tatsunori Hayakawa
|
0-0: Swinging Strike 0-1: Ball 1-1: Swinging Strike 1-2: Strikes out swinging
|
Batting: RHB David Aguilar
|
0-0: Swinging Strike 0-1: Ground out 6-3 (Groundball, 6, EV 86.9 MPH)
|
Batting: RHB Kevin Chafe
|
0-0: Foul Ball, location: 2F 0-1: Foul Ball, location: 2F 0-2: Ball 1-2: Ball 2-2: Strikes out swinging
|
Top of the 5th over - 0 runs, 0 hits, 0 errors, 0 left on base; Tacoma 1 - Buffalo 1 |
BOTTOM OF THE 5TH |
Buffalo Bisons batting - Pitching for Tacoma Rainiers : RHP Settan Suzuki
|
Batting: LHB Michael Byrd
|
0-0: Called Strike 0-1: Ball 1-1: Called Strike 1-2: Foul Ball, location: 2F 1-2: Foul Ball, location: 2F 1-2: SINGLE (Groundball, 4, EV 105.6 MPH)
|
Batting: RHB Ryan Kinkead
|
0-0: Ball 1-0: Ball Michael Byrd steals 2nd base 2-0: Swinging Strike 2-1: Ball 3-1: Base on Balls
|
Batting: LHB Yoshinari Nara
|
0-0: Called Strike 0-1: Ball 1-1: Ball 2-1: Called Strike 2-2: DOUBLE (Line Drive, 7LM, EV 106.3 MPH) Michael Byrd scores Ryan Kinkead to third
|
Pitching: RHP Nick Doty
|
|
Batting: RHB Alex Ramos
|
0-0: Foul Ball, location: 2F 0-1: Called Strike 0-2: Ball 1-2: Ball 2-2: 3-RUN HOME RUN (Line Drive, 78XD, EV 105.0 MPH), Distance : 400 ft
|
Batting: RHB Mike Strey
|
0-0: SINGLE (Flyball, 7LS, EV 95.0 MPH)
|
Batting: RHB Jon Aguilar
|
0-0: Foul Ball, location: 2F 0-1: Ball 1-1: Swinging Strike 1-2: Ball 2-2: Strikes out swinging
|
Batting: RHB John Loving
|
0-0: Called Strike 0-1: Ball Wild Pitch! Mike Strey to second 1-1: Ball 2-1: Ball 3-1: Base on Balls
|
Batting: RHB Danny Burnside
|
0-0: Foul Ball, location: 2F 0-1: Ball 1-1: Called Strike 1-2: Ball 2-2: Foul Ball, location: 2F 2-2: Strikes out swinging
|
Batting: LHB Josh Stuck
|
0-0: Swinging Strike 0-1: Foul Ball, location: 2F 0-2: Ball 1-2: Ball 2-2: Ground out U3 (Groundball, 3, EV 108.1 MPH)
|
Bottom of the 5th over - 4 runs, 4 hits, 0 errors, 2 left on base; Tacoma 1 - Buffalo 5 |
TOP OF THE 6TH |
Tacoma Rainiers batting - Pitching for Buffalo Bisons : LHP Steve Taylor
|
Batting: RHB Kumar Madugula
|
0-0: Called Strike 0-1: Ball 1-1: Called Strike 1-2: Ball 2-2: Foul Ball, location: 2F 2-2: Hit by Pitch
|
Batting: RHB Sumiki Ryu
|
0-0: Grounds into double play, 6-4-3 (Groundball, 56, EV 88.1 MPH)
|
Batting: RHB Jim Begger
|
0-0: Ground out 6-3 (Groundball, 6, EV 86.9 MPH)
|
Top of the 6th over - 0 runs, 0 hits, 0 errors, 0 left on base; Tacoma 1 - Buffalo 5 |
BOTTOM OF THE 6TH |
Buffalo Bisons batting - Pitching for Tacoma Rainiers : RHP Nick Doty
|
Batting: LHB Michael Byrd
|
0-0: Called Strike 0-1: Called Strike 0-2: Foul Ball, location: 2F 0-2: Foul Ball, location: 2F 0-2: Ball 1-2: Ball 2-2: Foul Ball, location: 2F 2-2: Ball 3-2: Fly out, F7 (Flyball, 78M, EV 94.4 MPH)
|
Batting: RHB Ryan Kinkead
|
0-0: Foul Ball, location: 2F 0-1: Foul Ball, location: 2F 0-2: Ball 1-2: Ball 2-2: Strikes out swinging
|
Batting: LHB Yoshinari Nara
|
0-0: Ball 1-0: Called Strike 1-1: Swinging Strike 1-2: Ball 2-2: Ball 3-2: Base on Balls
|
Batting: RHB Alex Ramos
|
0-0: Called Strike Yoshinari Nara steals 2nd base 0-1: Ball 1-1: SINGLE (Groundball, 6, EV 100.0 MPH) Yoshinari Nara to third Runner from 3rd tries for Home, SAFE, throw by LF to home
|
Batting: RHB Mike Strey
|
0-0: Ball 1-0: Fly out, F9 (Flyball, 9LM, EV 88.1 MPH)
|
Bottom of the 6th over - 1 run, 1 hit, 0 errors, 1 left on base; Tacoma 1 - Buffalo 6 |
TOP OF THE 7TH |
Tacoma Rainiers batting - Pitching for Buffalo Bisons : LHP Steve Taylor
|
Batting: RHB Matt Berkley
|
0-0: Called Strike 0-1: Ball 1-1: Ball 2-1: Ball 3-1: Called Strike 3-2: Ground out 5-3 (Groundball, 56, EV 96.9 MPH)
|
Batting: SHB Tony de Lara
|
0-0: Foul Ball, location: 2F 0-1: Ball 1-1: Foul Ball, location: 2F 1-2: Ball 2-2: Strikes out swinging
|
Batting: SHB Ismael Bello
|
0-0: Ball 1-0: Ball 2-0: Ball 3-0: Called Strike 3-1: Called Strike 3-2: Strikes out looking
|
Top of the 7th over - 0 runs, 0 hits, 0 errors, 0 left on base; Tacoma 1 - Buffalo 6 |
BOTTOM OF THE 7TH |
Buffalo Bisons batting - Pitching for Tacoma Rainiers : RHP Nick Doty
|
Batting: RHB Jon Aguilar
|
0-0: Called Strike 0-1: Ball 1-1: Ball 2-1: Fly out, F7 (Flyball, 7LD, EV 89.4 MPH)
|
Batting: RHB John Loving
|
0-0: Swinging Strike 0-1: Ball 1-1: Ball 2-1: Foul Ball, location: 2F 2-2: Fly out, F8 (Flyball, 8LS, EV 77.5 MPH)
|
Batting: RHB Danny Burnside
|
0-0: Ball 1-0: Ground out 3-1 (Groundball, 34S, EV 89.4 MPH)
|
Bottom of the 7th over - 0 runs, 0 hits, 0 errors, 0 left on base; Tacoma 1 - Buffalo 6 |
TOP OF THE 8TH |
Tacoma Rainiers batting - Pitching for Buffalo Bisons : LHP Steve Taylor
|
Pitching: RHP Fernando Torres
|
|
Batting: RHB Tatsunori Hayakawa
|
0-0: Ball 1-0: Ground out 5-3 (Groundball, 56, EV 84.4 MPH)
|
Batting: RHB David Aguilar
|
0-0: Foul Ball, location: 2F 0-1: Ball 1-1: Foul Ball, location: 2F 1-2: Ball 2-2: DOUBLE (Line Drive, 89D, EV 106.3 MPH)
|
Batting: RHB Kevin Chafe
|
0-0: Swinging Strike 0-1: Ball 1-1: Ball 2-1: Swinging Strike 2-2: Strikes out swinging
|
Batting: RHB Kumar Madugula
|
0-0: Ball 1-0: Ball 2-0: Ball 3-0: Called Strike 3-1: Ground out 5-3 (Groundball, 56S, EV 90.6 MPH)
|
Top of the 8th over - 0 runs, 1 hit, 0 errors, 1 left on base; Tacoma 1 - Buffalo 6 |
BOTTOM OF THE 8TH |
Buffalo Bisons batting - Pitching for Tacoma Rainiers : RHP Nick Doty
|
Pitching: RHP Dan Dowdle
|
|
Batting: LHB Josh Stuck
|
0-0: Foul Ball, location: 2F 0-1: Ground out U3 (Groundball, 3S, EV 89.4 MPH)
|
Batting: LHB Michael Byrd
|
0-0: Called Strike 0-1: Ball 1-1: Fly out, F9 (Line Drive, 9, EV 91.9 MPH)
|
Batting: RHB Ryan Kinkead
|
0-0: Called Strike 0-1: Ball 1-1: Ground out 3-1 (Groundball, 34, EV 105.6 MPH)
|
Bottom of the 8th over - 0 runs, 0 hits, 0 errors, 0 left on base; Tacoma 1 - Buffalo 6 |
TOP OF THE 9TH |
Tacoma Rainiers batting - Pitching for Buffalo Bisons : RHP Fernando Torres
|
Batting: RHB Sumiki Ryu
|
0-0: Swinging Strike 0-1: Ground out 6-3 (Groundball, 6M, EV 106.9 MPH)
|
Batting: RHB Jim Begger
|
0-0: Ball 1-0: Ball 2-0: Ball 3-0: Called Strike 3-1: Base on Balls
|
Batting: RHB Matt Berkley
|
0-0: Called Strike 0-1: Ball 1-1: Foul Ball, location: 2F 1-2: Foul Ball, location: 2F 1-2: Strikes out swinging
|
Batting: SHB Tony de Lara
|
0-0: SINGLE (Groundball, 6S, EV 72.5 MPH) (infield hit) Jim Begger to second
|
Pitching: RHP Doug Whitlatch
|
|
Batting: SHB Ismael Bello
|
0-0: Ball 1-0: Ball 2-0: Ball 3-0: Called Strike 3-1: Called Strike 3-2: Strikes out looking
|
Top of the 9th over - 0 runs, 1 hit, 0 errors, 2 left on base; Tacoma 1 - Buffalo 6 |
|